 Dungeon Crawl Stone Soup version 0.19.5 (webtiles) character file.

115 Jerry the Slasher (level 4, -2/37 HPs)
             Began as a Demigod Warper on May 2, 2017.
             Slain by Crazy Yiuf
             ... wielding a +2 quarterstaff of chaos
              (6 damage)
             ... on level 2 of the Dungeon.
             The game lasted 00:05:33 (2737 turns).

Jerry the Slasher (Demigod Warper)                  Turns: 2737, Time: 00:05:34

Health: -2/37      AC: 11    Str: 16    XL:     4   Next: 41%
Magic:  9/9        EV:  7    Int: 17    God:
Gold:   153        SH:  0    Dex: 15    Spells: 2 memorised, 1 level left

rFire  . . .     SeeInvis +     a - +0 falchion
rCold  . . .     Gourm    .     k - +0 chain mail
rNeg   . . .     Faith    .     (no shield)
rPois  .         Spirit   .     w - +0 helmet
rElec  .         Reflect  .     r - +0 cloak
rCorr  .         Harm     .     (no gloves)
MR     +....                    (no boots)
Stlth  ..........               (no amulet)
                                z - ring of protection from magic (curse)
                                g - ring of see invisible

@: no status effects
A: high mp 1
a: no special abilities


You were on level 2 of the Dungeon.
You were not hungry.

You visited 1 branch of the dungeon, and saw 2 of its levels.

You collected 153 gold pieces.

Inventory:

Hand Weapons
 a - a +0 falchion (weapon)
 t - a +3 dagger
Missiles
 e - 5 tomahawks of dispersal (quivered)
Armour
 b - a +0 leather armour
 k - a +0 chain mail (worn)
 r - a +0 cloak (worn)
 w - a +0 helmet (worn)
Jewellery
 g - a ring of see invisible (left hand)
 z - a cursed ring of protection from magic (right hand)
Wands
 u - a wand of polymorph (5/24)
Scrolls
 d - a scroll of blinking
 j - a scroll of magic mapping {unknown}
 l - a scroll of random uselessness {unknown}
 o - a scroll of teleportation {unknown}
 y - a scroll of immolation {unknown}
Potions
 h - a potion of curing {unknown}
 i - a potion of agility {unknown}
 n - 2 potions of lignification {unknown}
 p - a potion of haste {unknown}
 q - a potion of flight {unknown}
 s - 2 potions of mutation {unknown}
Books
 c - a book of Spatial Translocations

   Spells                             Type                      Level
   a - Blink                          Translocation                2
   b - Shroud of Golubria             Charms/Translocation         2
   c - Lesser Beckoning               Translocation                3
   d - Portal Projectile              Translocation                3
   e - Teleport Other                 Translocation                3
   f - Passage of Golubria            Translocation                4
Comestibles
 f - 2 bread rations
 m - 2 beef jerkies
 v - a meat ration
 x - 2 chunks of flesh


   Skills:
 + Level 2.5 Fighting
 * Level 3.1 Long Blades
 - Level 0.8 Throwing
 * Level 2.6 Armour
 - Level 1.7 Dodging
 - Level 1.7 Spellcasting
 - Level 2.6 Translocations


You had one spell level left.
You knew the following spells:

 Your Spells              Type           Power        Failure   Level  Hunger
a - Lesser Beckoning      Tloc           ##........   100%        3    ###....
b - Shroud of Golubria    Chrm/Tloc      #.........   100%        2    ###....


Dungeon Overview and Level Annotations

Branches:
Dungeon (2/15)

Annotations:
D:2 Crazy Yiuf


Innate Abilities, Weirdness & Mutations

You have an increased reservoir of magic. (+10% MP)


Message History

You hit Crazy Yiuf.
Crazy Yiuf is moderately wounded.
Crazy Yiuf hits you with a quarterstaff of chaos.
* * * LOW HITPOINT WARNING * * *
You hit Crazy Yiuf.
Crazy Yiuf is moderately wounded.
Crazy Yiuf barely misses you.
You hit Crazy Yiuf but do no damage.
Crazy Yiuf is moderately wounded.
Crazy Yiuf hits you but does no damage.
You hit Crazy Yiuf but do no damage.
Crazy Yiuf is moderately wounded.
Crazy Yiuf hits you with a quarterstaff of chaos.
* * * LOW HITPOINT WARNING * * *
Crazy Yiuf freezes you.
* * * LOW HITPOINT WARNING * * *
You hit Crazy Yiuf.
Crazy Yiuf is heavily wounded.
Crazy Yiuf hits you with a quarterstaff of chaos.
You die...

♣♣♣♣♣### ####
♣♣♣.♣..#.## ####
#...#♣..♣......###...
#..g@.♣♣♣♣......##...
#)..#♣♣ ♣♣.#........
#### ♣♣######... ##..
#.. ###### #..
#######.#..# #..
#.......#..###########..
#.#######...............


You could see Crazy Yiuf.

Vanquished Creatures
  Robin (D:1)
  3 adders
  An ooze (D:1)
  A worm (D:2)
  2 dart slugs (D:1)
  3 leopard geckos
  2 giant cockroaches
  17 goblins
  6 hobgoblins
  4 kobolds
  A quokka (D:2)
  5 bats
  13 frilled lizards
  7 rats (D:1)
66 creatures vanquished.

Notes
Turn   | Place    | Note
-------+----------+-------------------------------------------
     0 | D:1      | Jerry the Demigod Warper began the quest for the Orb.
     0 | D:1      | Reached XP level 1. HP: 17/17 MP: 5/5
    31 | D:1      | Reached skill level 1 in Armour
    49 | D:1      | Reached skill level 2 in Long Blades
   288 | D:1      | Reached XP level 2. HP: 24/24 MP: 7/7
   895 | D:1      | Reached XP level 3. HP: 29/29 MP: 8/8
  1520 | D:2      | Found a sparkling altar of Nemelex Xobeh.
  1557 | D:2      | Found a runed door.
  1733 | D:2      | Noticed Robin
  1962 | D:1      | Killed Robin
  1962 | D:1      | Reached XP level 4. HP: 34/37 MP: 9/9
  2138 | D:2      | Reached skill level 3 in Long Blades
  2717 | D:2      | Learned a level 3 spell: Lesser Beckoning
  2720 | D:2      | Learned a level 2 spell: Shroud of Golubria
  2720 | D:2      | Noticed Crazy Yiuf
  2737 | D:2      | Slain by Crazy Yiuf

Skill      XL: |  1  2  3  4 |
---------------+-------------+-----
Armour         | 1 2 |  2.6
Long Blades    | 2 3 |  3.1
Fighting       | 2 |  2.5
Throwing       | |  0.8
Dodging        | |  1.7
Spellcasting   | |  1.7
Translocations | |  2.6

Action                   |  1- 3 |  4- 6 || total
-------------------------+-------+-------++-------
Melee: Falchion          |   170 |    68 ||   238
       Unarmed           |     2 |       ||     2
  Use: Scroll            |     1 |       ||     1
  Eat: Chunk             |     3 |     3 ||     6
Armor: Leather armour    |     2 |       ||     2
       Chain mail        |   106 |    42 ||   148
       Skin              |     1 |       ||     1
Dodge: Dodged            |    71 |    23 ||    94
       Rpst.: Falchion   |    26 |     4 ||    30
